 Dungeon Crawl Stone Soup version 0.29-a0-338-g1ff7896281 (webtiles) character file.

Game seed: 3216729321500782169

164 spaghetti the Caller (level 5, 6/45 HPs)
             Began as an Ogre Summoner on Apr 19, 2022.
             Quit the game on level 3 of the Dungeon.
             The game lasted 00:05:21 (3364 turns).

spaghetti the Caller (Ogre Summoner)                Turns: 3364, Time: 00:05:21

Health: 6/45       AC:  3    Str: 12    XL:     5   Next: 45%
Magic:  8/11       EV: 13    Int: 24    God:
Gold:   147        SH:  0    Dex:  9    Spells: 2/12 levels left

rFire   . . .      SeeInvis .   m - +1 dagger (venom) {short}
rCold   . . .      Faith    .   (no shield)
rNeg    . . .      Spirit   .   a - +0 robe
rPois   .          Reflect  .   (helmet restricted)
rElec   .          Harm     .   (no cloak)
rCorr   .          Rampage  .   (gloves unavailable)
Will    .....                   (boots unavailable)
Stlth   +.........              (no amulet)
HPRegen 0.15/turn               n - +4 ring of evasion
MPRegen 0.12/turn               e - +6 ring of intelligence

@: lethally poisoned (6 -> -10), attractive
A: large, unfitting armour, tough skin 1
a: no special abilities


You were on level 3 of the Dungeon.
You visited 1 branch of the dungeon, and saw 3 of its levels.

You collected 147 gold pieces.


Innate Abilities, Weirdness & Mutations

You are too large for most types of armour.
You have tough skin. (AC +1)


   Skills:
 - Level 1.7 Dodging
 - Level 1.4 Stealth
 - Level 4.0 Spellcasting
 + Level 4.2 Summonings
 * Level 2.9 Air Magic


You had 2 spell levels left.
You knew the following spells:

 Your Spells              Type           Power      Damage    Failure   Level
a - Summon Small Mammal   Summ           100%       N/A       1%          1
b - Call Imp              Summ           25%        N/A       2%          2
c - Call Canine Familiar  Summ           25%        N/A       4%          3
d - Summon Lightning Spi  Summ/Air       22%        N/A       22%         4

Your spell library contained the following spells:

 Spells                   Type           Power      Damage    Failure   Level
 Summon Guardian Golem    Hex/Summ       15%        N/A       12%         3

Inventory:

Hand Weapons
 g - a +0 short sword {short}
   (You found it on level 1 of the Dungeon)
 h - a +0 short sword {short}
   (You found it on level 1 of the Dungeon)
 i - a +0 dagger {short}
   (You found it on level 1 of the Dungeon)
 j - a +0 spear {polearm}
   (You found it on level 1 of the Dungeon)
 m - a +1 dagger of venom (weapon) {short}
   (You took it off a goblin on level 2 of the Dungeon)
Missiles
 c - 66 stones (quivered) {throwing}
Armour
 a - a +0 robe (worn)
 r - a scarf of shadows
   (You found it on level 2 of the Dungeon)
Jewellery
 d - a +6 ring of dexterity
   (You found it on level 1 of the Dungeon)
 e - a +6 ring of intelligence (right hand)
   (You found it on level 1 of the Dungeon)
 l - an amulet of the acrobat
   (You found it on level 2 of the Dungeon)
 n - a +4 ring of evasion (left hand)
   (You found it on level 2 of the Dungeon)
 o - an amulet of guardian spirit
   (You found it on level 2 of the Dungeon)
 t - a ring of fire
   (You found it on level 3 of the Dungeon)
Scrolls
 f - a scroll of fog
 k - a scroll of identify {@r1}
 p - a scroll of vulnerability {unknown}
 q - 2 scrolls of immolation {unknown}
 s - a scroll of enchant armour {unknown}
Potions
 b - a potion of magic

Dungeon Overview and Level Annotations

Branches:
Dungeon (3/15)

Altars:
Gozag

#.......# #. ## .#
#.......# #. .. .....
#.......# #. # . #.#.#
#.......# #. #. .
#.#.# #.##.##.# #.
#.#. #...# #....##.#
#. #...##.#.#
.#.#####†# #.
#......##.#.#####.# ##
#?.rs@....#.......#
#.##5##.######.#######
#h.......##.##.....
#.##.###.......####
#...#.# ###...### ##
.......# #...# #.
###...### #...# #.
##[## #...# #. #.#
#...######


You could see a scorpion (ally target), a friendly hound (summoned), a friendly
crimson imp (summoned) and a friendly rat (summoned).


Message History

Key pressed, stopping explore.
q - 2 scrolls labelled ZEMYBLUV NUK (gained 1)
You swap places.
Key pressed, stopping explore.
Found an opulent altar of Gozag.
You now have 131 gold pieces (gained 5).
You swap places.
There is an opulent altar of Gozag here.
You now have 147 gold pieces (gained 16).
You swap places.
You swap places.
Key pressed, stopping explore.
There is an opulent altar of Gozag here.
You swap places.
You swap places.
A scorpion comes into view.
A bat comes into view.
Found a stone staircase leading down.
The scorpion closely misses you. The scorpion stings you. 😕 HP[-4]
You take 4 damage, and now have 41/45 hp.
You are too injured to fight recklessly!
You are too injured to fight recklessly!
You are too injured to fight recklessly!
You are too injured to fight recklessly!
You are too injured to fight recklessly!
You are too injured to fight recklessly!
You are too injured to fight recklessly!
You are too injured to fight recklessly!
You are too injured to fight recklessly!
You are too injured to fight recklessly!
You are too injured to fight recklessly!
You are too injured to fight recklessly!
You are too injured to fight recklessly!
You are too injured to fight recklessly!
You are too injured to fight recklessly!
Unknown command.
Casting: Summon Small Mammal (safe; 1% risk of failure)
Confirm with . or Enter, or press ? or * to list all spells.
A beastly little devil appears in a puff of flame.
The scorpion stings you!
You are poisoned.
The scorpion poisons you! 😕 HP[-6] MP[-2]
You take 6 damage, and now have 35/45 hp.
You lost 2 mp, and now have 9/11 mp.
Casting: Call Imp (safe; 2% risk of failure)
Confirm with . or Enter, or press ? or * to list all spells.
You feel very sick. The scorpion stings you.
You are more poisoned.
The scorpion poisons you! 😮 HP[-4] MP[-1]
You take 4 damage, and now have 31/45 hp.
You lost 1 mp, and now have 8/11 mp.
You swap places.
You feel very sick. 😮 HP[-4]
You take 4 damage, and now have 27/45 hp.
Okay, then.
You hit the scorpion.
You feel very sick. The scorpion stings you!
* * * LOW HITPOINT WARNING * * *
You are lethally poisoned!
The scorpion poisons you!
Your rat barely misses the scorpion.
Your crimson imp hits the scorpion but does no damage. 😨 HP[-10]
You take 10 damage, and now have 17/45 hp.
MASSIVE DAMAGE!! (PAUSE) It was a potion of attraction.
You feel attractive to monsters.
* * * LOW HITPOINT WARNING * * *
You feel very sick.
The scorpion stings you but does no damage. x2
Your rat closely misses the scorpion.
Your crimson imp hits the scorpion. 😱 HP[-6]
You take 6 damage, and now have 11/45 hp.
Unknown command.
You are lethally poisoned (11 -> -10).
You attract monsters toward you.
Your movement speed is average.
Your attack delay is about 1.0.
Your base attributes are Str 12, Int 18, Dex 9.
Unknown command.
Okay, then.
As you read the scroll labelled GIX QEADOMOUPT, it crumbles to dust.
It is a scroll of identify.
f - a scroll of fog
* * * LOW HITPOINT WARNING * * *
You feel very sick. The scorpion barely misses you.
Your rat bites the scorpion but does no damage.
Your crimson imp hits the scorpion. 😱 HP[-5]
You take 5 damage, and now have 6/45 hp.
Okay, then.
Are you sure you want to abandon this character and quit the game? (Confirm with "yes".)
Okay, then.
Unknown command.
Are you sure you want to abandon this character and quit the game? (Confirm with "yes".)

Skill      XL: |  1  2  3  4 |
---------------+-------------+-----
Spellcasting   | 3 4 |  4.0
Air Magic      | 1 2 |  2.9
Summonings     | 4 |  4.2
Dodging        | |  1.7
Stealth        | |  1.4

Action                   |  1- 3 |  4- 6 || total
-------------------------+-------+-------++-------
Melee: Unarmed           |    21 |       ||    21
       Short sword       |    23 |     3 ||    26
       Dagger            |       |    63 ||    63
Throw: Stone             |     1 |       ||     1
 Cast: Summon Small Mamm |    21 |     4 ||    25
       Call Imp          |     7 |     6 ||    13
       Call Canine Famil |     2 |     6 ||     8
       Summon Lightning  |       |     1 ||     1
  Use: Potion            |       |     2 ||     2
       Scroll            |       |     1 ||     1
 Stab: Sleeping          |     1 |       ||     1
       Distracted        |       |     1 ||     1
Armor: Robe              |    15 |    13 ||    28
Dodge: Dodged            |    35 |    44 ||    79

Levels and vault maps discovered:
D:1:      wheals_arrival_shading, layout_loops_ring
D:2:      layout_basic, chequers_ecumenical_altar_twisty,
          corexii_item_surrounded_by_moat, serial_bayou_pond_e,
          grunt_decor_fettered, uniq_jessica, uniq_robin
D:3:      layout_loops_cross, nicolae_gozag_cash_rules_everything_around_me,
          nicolae_overflow_hidden_temple, nicolae_underground_beach

Notes
Turn   | Place    | Note
-------+----------+-------------------------------------------
     0 | D:1      | spaghetti the Ogre Summoner began the quest for the Orb.
     0 | D:1      | Reached XP level 1. HP: 16/16 MP: 3/3
     0 | D:1      | magus.rc [v1.9.6]
   198 | D:1      | Reached skill level 3 in Spellcasting
   269 | D:1      | Reached XP level 2. HP: 11/24 MP: 1/6
   568 | D:1      | Learned a level 2 spell: Call Imp
  1098 | D:2      | Noticed Jessica
  1117 | D:2      | Killed Jessica
  1118 | D:2      | Reached skill level 4 in Spellcasting
  1118 | D:2      | Reached XP level 3. HP: 22/31 MP: 4/8
  1158 | D:2      | Learned a level 3 spell: Call Canine Familiar
  1281 | D:2      | Reached skill level 1 in Air Magic
  1504 | D:2      | Reached XP level 4. HP: 39/39 MP: 2/10
  1506 | D:2      | Noticed Robin
  1525 | D:2      | Killed Robin
  1627 | D:2      | Found a faded altar of an unknown god.
  1902 | D:2      | Learned a level 4 spell: Summon Lightning Spire
  2012 | D:2      | Reached skill level 2 in Air Magic
  2044 | D:2      | Noticed a nameless horror
  2049 | D:2      | HP: 8/39 [nameless horror[miscasting Summon Lightning
                  | Spire] (12)]
  2054 | D:2      | Killed a nameless horror
  2293 | D:2      | Reached skill level 4 in Summonings
  2812 | D:3      | Reached XP level 5. HP: 45/45 MP: 4/11
  3254 | D:3      | Found an opulent altar of Gozag.
  3362 | D:3      | HP: 11/45 [poisoned by a scorpion]
  3364 | D:3      | Quit the game

Vanquished Creatures
  A nameless horror (D:2)
  An iguana (D:3)
  2 adders
  3 worms
  An orc (D:3)
  2 ball pythons
  An endoplasm (D:1)
  A giant cockroach (D:3)
  A goblin (D:2)
  2 bats
  2 frilled lizards
  A kobold (D:2)
18 creatures vanquished.

Vanquished Creatures (collateral kills)
  Jessica (D:2)
  Robin (D:2)
  3 adders
  2 ball pythons
  7 goblins (D:2)
  4 hobgoblins
  2 jackals (D:1)
  A quokka (D:1)
  3 bats
  3 frilled lizards
  3 rats
30 creatures vanquished.

Grand Total: 48 creatures vanquished

Table legend:
 A = Non-vault XP
 B = Vault XP
 C = Vault XP percentage of total XP
 D = Non-vault monster count
 E = Vault monster count
 F = Vault count percentage of total count
                 A         B        C        D         E       F
            +---------+---------+-------+---------+---------+-------
      Total |     164 |      71 |  30.2 |      36 |      11 |  23.4
            +---------+---------+-------+---------+---------+-------
        D:1 |      23 |       0 |   0.0 |      15 |       0 |   0.0
        D:2 |      50 |      71 |  58.7 |      13 |      11 |  45.8
        D:3 |      91 |       0 |   0.0 |       8 |       0 |   0.0
            +---------+---------+-------+---------+---------+-------

Illustrated notes

Table legend:
 A = Kills in this place as a percentage of kills in entire the game.
 B = Kills by you in this place as a percentage of kills by you in the entire game.
 C = Kills by friends in this place as a percentage of kills by friends in the entire game.
 D = Other kills in this place as a percentage of other kills in the entire game.
 E = Experience gained in this place as a percentage of experience gained in the entire game.
 F = Experience gained in this place divided by the number of levels of this place that you have seen.
                   A       B       C       D       E      F
               +-------+-------+-------+-------+-------+----------------------
         Total | 100.0 | 100.0 | 100.0 |   N/A | 100.0 |  78.3
       Dungeon | 100.0 | 100.0 | 100.0 |   N/A | 100.0 |  78.3
               +-------+-------+-------+-------+-------+----------------------

Table legend: (Time is in decaauts)
 A = Elapsed time spent in this place.
 B = Non-inter-level travel time spent in this place.
 C = Inter-level travel time spent in this place.
 D = Time resting spent in this place.
 E = Time spent auto-exploring this place.
 F = Levels seen in this place.
 G = Mean time per level.
                   A        B        C        D        E       F      G
               +--------+--------+--------+--------+--------+-----+--------+
         Total |   3372 |   3317 |     55 |    268 |   2629 |   3 | 1124.0 |
       Dungeon |   3372 |   3317 |     55 |    268 |   2629 |   3 | 1124.0 |
               +--------+--------+--------+--------+--------+-----+--------+

Top non-repeatable levels by time:
     D:2: 1701 daAuts
     D:1: 1010 daAuts
     D:3: 660 daAuts
